 Dungeon Crawl Stone Soup version 0.27-a0-906-g0a00ce863d (webtiles) character file.

Game seed: 4151407067380682254

40 nicknak712 the Skirmisher (level 3, 0/43 HPs)
             Began as a Demonspawn Berserker on Apr 7, 2021.
             Was a Believer of Trog.
             Slain by an adder (1 damage)
             ... on level 2 of the Dungeon.
             The game lasted 00:04:57 (941 turns).

nicknak712 the Skirmisher (Demonspawn Berserker)     Turns: 941, Time: 00:04:58

Health: 0/43       AC:  4    Str: 18    XL:     3   Next: 30%
Magic:  3/3        EV: 12    Int:  8    God:    Trog [**....]
Gold:   78         SH:  0    Dex: 12    Spells: 2/2 levels left

rFire    . . .     SeeInvis .   a - +0 mace
rCold    . . .     Faith    .   (no shield)
rNeg     . . .     Spirit   .   b - +0 animal skin
rPois    .         Reflect  .   f - +0 helmet
rElec    .         Harm     .   (no cloak)
rCorr    .         Rampage  .   i - +0 pair of gloves
Will     .....                  (no boots)
Stlth    ..........             (no amulet)
HPRegen  0.14/turn              (no ring)
MPRegen  0.08/turn              (no ring)

@: berserking, lethally poisoned (0 -> -3), very quick
A: demonic magic 1
a: Renounce Religion, Berserk, Trog's Hand


You were on level 2 of the Dungeon.
You worshipped Trog.
Trog was pleased with you.
You visited 1 branch of the dungeon, and saw 2 of its levels.

You collected 78 gold pieces.

Inventory:

Hand Weapons
 a - a +0 mace (weapon)
Armour
 b - a +0 animal skin (worn)
 f - a +0 helmet (worn)
 i - a +0 pair of gloves (worn)
Jewellery
 h - a +4 ring of evasion
Scrolls
 d - a scroll of noise {unknown}
 e - a scroll of teleportation {unknown}
 g - a scroll of amnesia {unknown}
 j - a scroll of torment {unknown}
 l - a scroll of silence {unknown}
Potions
 c - 2 potions of invisibility {unknown}
 k - a potion of haste {unknown}


   Skills:
 + Level 3.4 Fighting
 + Level 3.3 Maces & Flails
 + Level 2.0 Armour
 + Level 2.1 Dodging


You had 2 spell levels left.
You didn't know any spells.
Your spell library was empty.

Dungeon Overview and Level Annotations

Branches:
Dungeon (2/15)

Altars:
Elyvilon


Innate Abilities, Weirdness & Mutations

Spells you cast may paralyse adjacent enemies.


Message History

You are lethally poisoned!
The adder poisons you!
A red film seems to cover your vision as you go berserk!
You feel yourself moving faster!
You feel mighty!
You feel very sick.
The adder barely misses you. x2; The adder misses you.
You are too injured to fight recklessly!
You are too injured to fight recklessly!
You are too injured to fight recklessly!
You are too injured to fight recklessly!
You are too injured to fight recklessly!
You are too injured to fight recklessly!
You hit the adder.
The adder is severely wounded.
You feel sick. The adder bites you.
* * * LOW HITPOINT WARNING * * *
The adder bites you.
* * * LOW HITPOINT WARNING * * *
You sock the adder!
You kill the adder!
Trog accepts your kill.
You feel sick. The adder bites you but does no damage.
You barely miss the rat.
You feel sick. The rat closely misses you. The adder barely misses you.
You hit the rat.
You kill the rat!
Trog accepts your kill.
You can now call upon Trog for regeneration and willpower.
* * * LOW HITPOINT WARNING * * *
You feel sick. The adder bites you.
* * * LOW HITPOINT WARNING * * *
You hit the adder.
The adder is heavily wounded.
The adder bites you.
* * * LOW HITPOINT WARNING * * *
You closely miss the adder.
The adder is heavily wounded.
* * * LOW HITPOINT WARNING * * *
You feel sick. The adder bites you.
You die...

#.######.....#.......#......†.##
#.# #.....#.......##.._....##
#+# #######.......##......###
##'#######......... ##'#####
########## #......# #......#
#......# ##@##### ......S†#
........# ........# ...[....#
........# ........# .......##


You could see an adder.

Vanquished Creatures
  An adder (D:2)
  A dart slug (D:1)
  3 ball pythons
  6 bats
  2 endoplasms (D:1)
  2 giant cockroaches
  A goblin (D:1)
  A hobgoblin (D:1)
  A quokka (D:2)
  A frilled lizard (D:2)
  5 kobolds (D:1)
  4 rats
28 creatures vanquished.

Notes
Turn   | Place    | Note
-------+----------+-------------------------------------------
     0 | D:1      | nicknak712 the Demonspawn Berserker began the quest for the
                  | Orb.
     0 | D:1      | Reached XP level 1. HP: 18/18 MP: 1/1
   133 | D:1      | Gained mutation: Spells you cast may paralyse adjacent
                  | enemies. [demonic ancestry]
   133 | D:1      | Reached XP level 2. HP: 23/24 MP: 2/2
   381 | D:1      | Found a faded altar of an unknown god.
   890 | D:2      | Reached XP level 3. HP: 29/29 MP: 3/3
   939 | D:2      | Reached ** piety under Trog
   940 | D:2      | HP: 2/43 [adder (3)]
   941 | D:2      | Slain by an adder

Illustrated notes

Levels and vault maps discovered:
D:1:      lightli_arrival_isolated_outpost, layout_rooms,
          basic_ecumenical_altar, grunt_decor_one_mirror, dk_noncrumbling_4
D:2:      minmay_razor_zed, layout_basic, basic_altar

Skill      XL: |  1  2 |
---------------+-------+-----
Dodging        | 2 |  2.1
Maces & Flails | 3 |  3.3
Armour         | 2 |  2.0
Fighting       | |  3.4

Action                   || total
-------------------------++-------
Melee: Mace              ||    86
Invok: Berserk           ||     1
 Stab: Sleeping          ||     1
Armor: Animal skin       ||    37
Dodge: Dodged            ||    93

Table legend: (Time is in decaauts)
 A = Elapsed time spent in this place.
 B = Non-inter-level travel time spent in this place.
 C = Inter-level travel time spent in this place.
 D = Time resting spent in this place.
 E = Time spent auto-exploring this place.
 F = Levels seen in this place.
 G = Mean time per level.
                   A        B        C        D        E       F      G
               +--------+--------+--------+--------+--------+-----+--------+
         Total |    965 |    947 |     18 |      0 |    682 |   2 |  482.5 |
       Dungeon |    965 |    947 |     18 |      0 |    682 |   2 |  482.5 |
               +--------+--------+--------+--------+--------+-----+--------+

Top non-repeatable levels by time:
     D:1: 697 daAuts
     D:2: 267 daAuts
